 Dungeon Crawl Stone Soup version 0.31-a0-1620-gcbf77bbcfc (webtiles) character file.

Game seed: 9890114158617848252

5565 Flugslaktarn the Fighter (level 10, -3/96 HPs)
             Began as a Minotaur Fighter on Jan 11, 2024.
             Was a Priest of Cheibriados.
             Slain by a white ugly thing (35 damage)
             ... on level 8 of the Dungeon.
             The game lasted 00:03:46 (7204 turns).

Flugslaktarn the Fighter (Minotaur Fighter)         Turns: 7204, Time: 00:03:47

Health: -3/96      AC: 21    Str: 29 (32) XL:     10   Next: 44%
Magic:  9/9        EV:  9    Int: 10 (12) God:    Cheibriados [***...]
Gold:   454        SH:  6    Dex: 15 (17) Spells: 9/9 levels left

rFire   + . .        a - +0 war axe
rCold   . . .        c - +0 buckler
rNeg    . . .        B - +0 plate armour
rPois   .            (helmet restricted)
rElec   .            A - +2 cloak
rCorr   .            o - +0 pair of gloves
SInv    .            u - +2 pair of boots
Will    .....        (no amulet) Stlth
                     f - ring of protection from fire
HPRegen 0.36/turn    (no ring)
MPRegen 0.11/turn

%: no passive effects
@: studying Unarmed Combat, very slow
A: horns 2, retaliatory headbutt
a: Renounce Religion, Bend Time, Temporal Distortion


You were on level 8 of the Dungeon.
You worshipped Cheibriados.
Cheibriados was most pleased with you.
You visited 2 branches of the dungeon, and saw 9 of its levels.

You collected 454 gold pieces.

Inventory:

Hand Weapons
 a - a +0 war axe (weapon)
Armour
 b - a +0 scale mail
 c - a +0 buckler (worn)
 o - a +0 pair of gloves (worn)
   (You found it on level 2 of the Dungeon)
 u - a +2 pair of boots (worn)
   (You found it on level 7 of the Dungeon)
 A - a +2 cloak (worn)
   (You found it on level 6 of the Dungeon)
 B - a +0 plate armour (worn)
   (You took it off an orc warrior on level 7 of the Dungeon)
Jewellery
 f - a ring of protection from fire (left hand)
   (You found it on level 3 of the Dungeon)
Scrolls
 e - a scroll of brand weapon {unknown}
 h - 2 scrolls of vulnerability
 i - 2 scrolls of fear
 l - 3 scrolls of enchant armour
 m - a scroll of silence
 p - 2 scrolls of fog
 y - a scroll of summoning
 z - a scroll of torment {unknown}
 C - a scroll of amnesia {unknown}
Potions
 d - 5 potions of might
 g - 3 potions of mutation
 n - a potion of invisibility {unknown}
 q - 3 potions of curing
 t - 2 potions of lignification
 v - a potion of cancellation
 w - 2 potions of heal wounds
 x - a potion of enlightenment {unknown}


   Skills:
 * Level 11.5 Fighting
 * Level 11.2 Axes
 + Level 8.2 Armour
 + Level 4.3 Dodging
 - Level 6.7 Shields


You had 9 spell levels left.
You didn't know any spells.
Your spell library contained the following spells:

 Spells                   Type           Power      Damage    Failure   Level
 Magic Dart               Conj           0%         1d3       98%         1
 Slow                     Hex            0%         N/A       98%         1
 Searing Ray              Conj           0%         2d4       99%         2
 Call Canine Familiar     Summ           0%         N/A       100%        3
 Confusing Touch          Hex            0%         N/A       100%        3
 Sigil of Binding         Hex            0%         N/A       100%        3
 Vampiric Draining        Necr           0%         2d6       100%        3
 Animate Dead             Necr           0%         N/A       100%        4
 Dimensional Bullseye     Hex/Tloc       0%         N/A       100%        4
 Fulminant Prism          Conj/Alch      0%         3d5       100%        4
 Summon Forest            Summ/Tloc      0%         N/A       100%        5
 Summon Mana Viper        Hex/Summ       0%         N/A       100%        5
 Summon Cactus Giant      Summ           0%         N/A       100%        6
 Haunt                    Necr/Summ      0%         N/A       100%        7
 Infestation              Necr           0%         N/A       100%        8


Dungeon Overview and Level Annotations

Branches:
Dungeon (8/15)             Temple (1/1) D:4
   Lair: D:8-11

Altars:
Ashenzari
Cheibriados
Dithmenos
Fedhas
Gozag
Hepliaklqana
Kikubaaqudgha
Makhleb
Nemelex Xobeh
Okawaru
Qazlal
Ru
Sif Muna
Trog
Uskayaw
Vehumet
Wu Jian
Xom
Zin

Shops:
D:3 [   D:5 *   D:7 [


Innate Abilities, Weirdness & Mutations

You have a pair of horns on your head.
You reflexively headbutt those who attack you in melee.


Message History

You feel drained.
You slash the kobold!
You kill the kobold!
Cheibriados appreciates the change of pace.
Cheibriados raises the support of your attributes as your movement slows.
You slash the kobold!
You kill the kobold!
Cheibriados appreciates the change of pace.
You slice the jelly!!
You kill the jelly!
Cheibriados appreciates the change of pace.
Items here: ( )) ††.
No target in view!
No target in view!
As you open the door, it creaks loudly!
You hear a shout! x3
The white ugly thing gurgles horribly!
There is an open door here.
An orc comes into view. It is wielding a +0 club.
An orc is nearby!
No reachable target in view!
The orc shouts!
An orc wizard comes into view. It is wielding a +0 dagger.
Found a runed translucent door.
The orc wizard shouts!
An orc priest comes into view. It is wielding a +0 mace.
You slash the orc wizard!
The orc wizard is severely wounded.
The orc wizard barely misses you. You furiously retaliate!
You headbutt the orc wizard, but do no damage.
You hit the orc wizard but do no damage.
You headbutt the orc wizard.
You kill the orc wizard!
Cheibriados appreciates the change of pace.
You slash the orc!
You kill the orc!
Cheibriados appreciates the change of pace.
You block the orc priest's attack. x2
Items here: )) [ †.
You completely miss the orc priest. The orc priest hits you with a +0 mace.
You slash the orc priest! You headbutt the orc priest.
The orc priest is almost dead.
The orc priest hits you but does no damage.
You completely miss the orc priest.
The orc priest is almost dead.
The orc priest closely misses you. You furiously retaliate!
You headbutt the orc priest.
You kill the orc priest!
Cheibriados appreciates the change of pace.
Your life force feels restored.
No target in view!
Things that are here:
a +0 mace; an orc corpse No target in view!
You open the door.
No target in view!
Something completely misses you.
There is an open translucent door here.
Deactivating autopickup; reactivate with Ctrl-A.
You completely miss something.
Something hits you but does no damage. x2
You miss something. Something hits you but does no damage.
You miss something. You headbutt something. Something hits you.
You slash something! Your headbutt misses something.
Something hits you but does no damage. x2
You miss something. You headbutt something.
Something hits you but does no damage. x2
You hit something.
Something hits you but does no damage. x2
You barely miss something. You headbutt something!
Something hits you but does no damage. Something hits you!
You barely miss something. You headbutt something.
Something hits you but does no damage.
You hit something. Your headbutt misses something.
You block something's attack. Something hits you.
You slash something!
Cheibriados thoroughly appreciates the change of pace.
Reactivating autopickup.
You feel a bit more experienced.
You feel your intelligence returning.
You barely miss the white ugly thing.
Your headbutt misses the white ugly thing.
You block the white ugly thing's attack.
You slash the white ugly thing!
The white ugly thing is moderately wounded.
The white ugly thing headbutts you but does no damage.
You slash the white ugly thing!
Your headbutt misses the white ugly thing.
The white ugly thing is heavily wounded.
The white ugly thing headbutts you. The white ugly thing freezes you!
You slash the white ugly thing!
The white ugly thing is heavily wounded.
The white ugly thing headbutts you but does no damage.
You slash the white ugly thing!
The white ugly thing is severely wounded.
The white ugly thing headbutts you. The white ugly thing freezes you!!
You completely miss the white ugly thing.
The white ugly thing is severely wounded.
The white ugly thing headbutts you but does no damage.
You barely miss the white ugly thing.
The white ugly thing is severely wounded.
The white ugly thing headbutts you! The white ugly thing freezes you!!
You die...

#.#.#..## ######.#.#..#
#....#...#.##
###....###.#.#+#
#........#...#.#
#.#.........##.##
#.#......#..#...#
#.#......#.##)..#
#.#....#...#)#@#.#
#.####.##.##.#u#.# #.#
#.#..#.##.##.# #.#
#...##.#...#.# #.#
##..#.##...##. #.#
##.#.#:...?#. #.#
#.'######### #.#
#.######################
#.#
#.......................


You could see a white ugly thing.

Vanquished Creatures
  A two-headed ogre (D:7)
  Pikel (D:6)
  An unseen horror (D:8)
  A hornet (D:7)
  Grinder (D:3)
  Sigmund (D:3)
  5 yaks
  A vampire (D:7)
  A steam dragon (D:8)
  3 water moccasins
  A black bear (D:5)
  2 ice beasts
  2 orc warriors
  A sky beast (D:8)
  3 ogres
  2 centaurs (D:8)
  A lemure (D:6)
  A kobold brigand (D:8)
  2 bullfrogs (D:7)
  2 scorpions (D:6)
  A howler monkey (D:8)
  2 bombardier beetles
  4 jellies
  6 orc priests
  3 hounds
  3 sleepcaps
  Jessica (D:3)
  Terence (D:3)
  2 iguanas
  6 orc wizards
  8 gnolls
  9 adders
  A shadow imp (D:6)
  A white imp (D:7)
  4 ufetubi
  5 ribbon worms
  A dart slug (D:1)
  23 orcs
  4 bats
  8 endoplasms
  2 giant cockroaches
  11 goblins
  5 hobgoblins
  3 jackals (D:2)
  5 quokkas
  11 ball pythons
  4 frilled lizards
  10 kobolds
  8 rats
185 creatures vanquished.

Notes
Turn   | Place    | Note
-------+----------+-------------------------------------------
     0 | D:1      | Flugslaktarn the Minotaur Fighter began the quest for the
                  | Orb.
     0 | D:1      | Reached XP level 1. HP: 19/19 MP: 0/0
    75 | D:1      | Reached XP level 2. HP: 27/27 MP: 1/1
   430 | D:1      | Reached XP level 3. HP: 25/33 MP: 2/2
   858 | D:2      | Found a broken altar of Ashenzari.
   868 | D:2      | Reached XP level 4. HP: 39/41 MP: 3/3
  1605 | D:3      | Reached XP level 5. HP: 38/47 MP: 4/4
  1649 | D:3      | Noticed Jessica
  1654 | D:3      | Killed Jessica
  1655 | D:3      | Reached skill level 5 in Fighting
  1687 | D:3      | Noticed Grinder
  1699 | D:3      | Paralysed by Grinder for 2 turns
  1706 | D:3      | Killed Grinder
  1707 | D:3      | Reached skill level 5 in Axes
  1707 | D:3      | Reached XP level 6. HP: 46/57 MP: 5/5
  1837 | D:3      | Noticed Sigmund
  1843 | D:3      | Killed Sigmund
  1844 | D:3      | Reached skill level 5 in Armour
  1844 | D:3      | Reached skill level 5 in Shields
  1844 | D:3      | Reached XP level 7. HP: 57/63 MP: 6/6
  1914 | D:3      | Noticed Terence
  1925 | D:3      | Killed Terence
  2395 | D:3      | Found Budweeh's Antique Armour Shoppe.
  2738 | D:4      | Identified the +1 flail of the Unspeakable One {heavy,
                  | rElec rF+ Dex+2}
  2883 | D:4      | Found a staircase to the Ecumenical Temple.
  2960 | Temple   | Entered the Ecumenical Temple
  2975 | Temple   | Became a worshipper of Cheibriados the Contemplative
  3284 | D:4      | Found the +7 staff of the Meek {protect, meekguard}
  3338 | D:5      | Entered Level 5 of the Dungeon
  3436 | D:5      | Found Ogacsipn's Lightly-Used Armoury.
  3602 | D:5      | Reached XP level 8. HP: 69/73 MP: 7/7
  4206 | D:5      | Reached * piety under Cheibriados
  4318 | D:6      | Noticed Pikel
  4326 | D:6      | Killed Pikel
  4445 | D:6      | Reached XP level 9. HP: 83/83 MP: 8/8
  4800 | D:6      | Reached skill level 1 in Dodging
  4893 | D:6      | Reached ** piety under Cheibriados
  5099 | D:7      | Noticed a two-headed ogre
  5107 | D:7      | Killed a two-headed ogre
  5108 | D:7      | Reached skill level 10 in Fighting
  5425 | D:7      | Reached skill level 10 in Axes
  5827 | D:7      | Reached XP level 10. HP: 86/94 MP: 9/9
  5905 | D:7      | Found Akuomnau's Armour Shop.
  6723 | D:8      | Reached *** piety under Cheibriados
  7171 | D:8      | Noticed a white ugly thing
  7176 | D:8      | Found a runed translucent door.
  7204 | D:8      | Slain by a white ugly thing

Illustrated notes

Levels and vault maps discovered:
D:1:      scummos_arrival_checkerplants, layout_basic, serial_bayou_pond_b,
          hangedman_decor_points
D:2:      layout_basic, basic_altar, minivault_23
D:3:      layout_loops_ring, serial_shops, nicolae_shop_window_shopping,
          uniq_jessica, uniq_sigmund, uniq_grinder, uniq_terence
D:4:      layout_gridville, minmay_temple_entry_tees, grunt_ministairs_12,
          pf_guarded_unrand_meek
D:5:      layout_basic, minmay_shop_damaged
D:6:      minmay_chambers_of_fours, layout_cave_pools, uniq_pikel
D:7:      layout_basic, nicolae_take_the_stairs, minmay_manual_mail
D:8:      minmay_the_grid_triangle_9x9_rhombus_full
          [minmay_the_grid_triangle_9x9_windchime,
          minmay_the_grid_triangle_9x9_intruding_spiral,
          minmay_the_grid_triangle_9x9_subtriangle,
          minmay_the_grid_triangle_9x9_corrupted_corridor,
          minmay_the_grid_triangle_9x9_limited_checkers,
          minmay_the_grid_triangle_9x9_longest,
          minmay_the_grid_triangle_9x9_fully_insulated_deathbox,
          minmay_the_grid_triangle_9x9_prize_schism], layout_basic,
          uniq_gastronok
Temple:   eino_narrow_crystal_temple

Skill      XL: |  1  2  3  4  5  6  7  8  9 10 |
---------------+-------------------------------+-----
Fighting       | 4 5 6 7 9 10 11 | 11.5
Axes           | 3 4 5 7 8 10 11 | 11.2
Armour         | 4 5 6 7 8 |  8.2
Shields        | 4 5 6 |  6.7
Dodging        | 3 4 |  4.3

Action                     |  1- 3 |  4- 6 |  7- 9 | 10-12 || total
---------------------------+-------+-------+-------+-------++-------
  Melee: War axe           |    67 |    89 |   263 |    81 ||   500
         Headbutt          |     4 |    11 |    51 |    21 ||    87
    Use: Scroll            |       |       |     9 |     2 ||    11
         Potion            |       |       |     1 |     3 ||     4
 Armour: Scale mail        |    40 |       |       |       ||    40
         Chain mail        |     2 |    68 |   171 |       ||   241
         Plate armour      |       |       |    19 |    81 ||   100
  Dodge: Dodged            |    33 |    31 |    90 |    39 ||   193
  Block: Buckler           |     7 |    13 |    61 |    21 ||   102

Table legend: (Time is in decaauts)
 A = Elapsed time spent in this place.
 B = Non-inter-level travel time spent in this place.
 C = Inter-level travel time spent in this place.
 D = Time resting spent in this place.
 E = Time spent auto-exploring this place.
 F = Levels seen in this place.
 G = Mean time per level.
                   A        B        C        D        E       F      G
               +--------+--------+--------+--------+--------+-----+--------+
         Total |   8453 |   8152 |    301 |    344 |   6461 |   9 |  939.2 |
       Dungeon |   8419 |   8151 |    268 |    344 |   6461 |   8 | 1052.4 |
        Temple |     34 |      2 |     32 |      0 |      0 |   1 |   34.0 |
               +--------+--------+--------+--------+--------+-----+--------+

Top non-repeatable levels by time:
     D:7: 1453 daAuts
     D:5: 1184 daAuts
     D:6: 1172 daAuts
     D:8: 1144 daAuts
     D:4: 990 daAuts
     D:1: 882 daAuts
     D:3: 880 daAuts
     D:2: 711 daAuts
  Temple: 34 daAuts
